 Dungeon Crawl Stone Soup version 0.28-a0-313-gbc0475efdd (webtiles) character file.

Game seed: 14736199797688441831

1 Gwenloh the Chopper (level 1, 0/20 HPs)
             Began as a Hill Orc Cinder Acolyte on Aug 31, 2021.
             Was a High Priest of Ignis.
             Engulfed by a cloud of flame (11 damage)
             ... on level 1 of the Dungeon.
             The game lasted 00:01:16 (38 turns).

Gwenloh the Chopper (Hill Orc Cinder Acolyte)         Turns: 38, Time: 00:01:17

Health: 0/20       AC:  2    Str: 17    XL:     1   Next: 20%
Magic:  2/2        EV: 11    Int: 13    God:    Ignis [*****.]
Gold:   0          SH:  0    Dex:  6    Spells: 1/2 levels left

rFire   + . .      SeeInvis .   a - -1 hand axe (flame)
rCold   . . .      Faith    .   (no shield)
rNeg    . . .      Spirit   .   b - +0 robe
rPois   .          Reflect  .   (no helmet)
rElec   .          Harm     .   (no cloak)
rCorr   .          Rampage  .   (no gloves)
Will    .....                   (no boots)
Stlth   +.........              (no amulet)
HPRegen 0.06/turn               (no ring)
MPRegen 0.08/turn               (no ring)

@: no status effects
A: no striking features
a: Renounce Religion, Sea of Fire, Foxfire Swarm, Rising Flame


You were on level 1 of the Dungeon.
You worshipped Ignis.
Ignis was extremely pleased with you.
You visited 1 branch of the dungeon, and saw 1 of its levels.

Inventory:

Hand Weapons
 a - a -1 hand axe of flaming (weapon)
Armour
 b - a +0 robe (worn)


   Skills:
 + Level 3.6 Fighting
 + Level 4.0 Axes
 + Level 1.0 Spellcasting
 + Level 1.1 Fire Magic


You had one spell level left.
You knew the following spells:

 Your Spells              Type           Power      Damage    Failure   Level
a - Foxfire               Conj/Fire      8%         2x1d4     22%         1

Your spell library contained the following spells:

 Spells                   Type           Power      Damage    Failure   Level


Dungeon Overview and Level Annotations

Branches:
Dungeon (1/15)

Altars:


Message History

You add the spell Foxfire to your library.
Welcome, Gwenloh the Hill Orc Cinder Acolyte.
Will you be the one to retrieve the awesome Orb of Zot from the depths?
The flames of Ignis gently warm you.
Press ? for a list of commands and other information.
Found a staircase leading out of the dungeon.
Okay, then.
You open the gate.
There is an open gate here.
Found a stone staircase leading down.
Found a scroll labelled ZYSSEA VEZOBEOF.
Found a scroll labelled CET VOACOALOAT.
A ball python comes into view.
The ball python hisses angrily.
Okay, then.
Fires begin to smoulder around you!
The fire ignites! x11; The ball python smothers the flame.
The fire ignites! x43
Unknown command.
The ball python bites you. The ball python grabs you.
The ball python constricts you.
You hit the ball python. You burn the ball python.
The ball python is heavily wounded.
The ball python bites you. The ball python constricts you.
The ball python barely misses you. The ball python constricts you.
You barely miss the ball python.
The ball python is heavily wounded.
The ball python barely misses you. The ball python constricts you.
You closely miss the ball python.
The ball python is heavily wounded.
The ball python bites you. The ball python constricts you.
You hit the ball python. You burn the ball python.
You kill the ball python!
No target in view!
No target in view!
Really walk into that cloud of flame?
You are engulfed in blazing flames.
You resist.
Ouch! That really hurt!
You die...

##############
######†@...##...>.######
...................#8.#.
.###..°............#'#..
#.○.###..........'#.<
#..#...#........#'#..
#.#..⌠.8#.......#8.#.
#.#.⌠..###......#####
..#...# #8#......#
###.#8# #...#....##


There were no monsters in sight!

Vanquished Creatures
  A ball python (D:1)
1 creature vanquished.

Notes
Turn   | Place    | Note
-------+----------+-------------------------------------------
     0 | D:1      | Gwenloh the Hill Orc Cinder Acolyte began the quest for the
                  | Orb.
     0 | D:1      | Reached XP level 1. HP: 19/19 MP: 2/2
    38 | D:1      | Engulfed by a cloud of flame

Illustrated notes

Levels and vault maps discovered:
D:1:      saegor_arrival_simple_c, layout_rooms, serial_rivers,
          chequers_serial_rivers_micro_d, chequers_serial_rivers_micro_b,
          chequers_serial_rivers_room_a, chequers_serial_rivers_micro_d,
          chequers_serial_rivers_micro_a, chequers_serial_rivers_micro_e,
          shapermc_ecumenical_altar_venn, corexii_hall_statues_s,
          grunt_decor_arrowhead

Action                   || total
-------------------------++-------
Melee: Hand axe          ||     4
Invok: Sea of Fire       ||     1
Dodge: Dodged            ||     2

Table legend: (Time is in decaauts)
 A = Elapsed time spent in this place.
 B = Non-inter-level travel time spent in this place.
 C = Inter-level travel time spent in this place.
 D = Time resting spent in this place.
 E = Time spent auto-exploring this place.
 F = Levels seen in this place.
 G = Mean time per level.
                   A        B        C        D        E       F      G
               +--------+--------+--------+--------+--------+-----+--------+
         Total |     38 |     38 |      0 |      0 |      0 |   1 |   38.0 |
       Dungeon |     38 |     38 |      0 |      0 |      0 |   1 |   38.0 |
               +--------+--------+--------+--------+--------+-----+--------+

Top non-repeatable levels by time:
     D:1: 38 daAuts
